[ AOE2 MATCH · #507997727 ]
UnrankedDravidians vs Georgians
Player's team · WIN
[ REPLAY ANALYSIS · EXTRACTED FROM THE RECORDED GAME ]
Feudal
10:06
Castle
15:05
Imperial
—
| APM avg | 47.3 |
| APM peak | 85 |
| eAPM avg | 33.0 |
| Villagers / military | 147 / 157 |
Focus
⚔️ 30.8% · 🌾 69.2%
Spearman ×77 · Militia ×61 · Armored Elephant ×19
Feudal
9:15
Castle
23:38
Imperial
—
| APM avg | 36.7 |
| APM peak | 97 |
| eAPM avg | 21.7 |
| Villagers / military | 77 / 48 |
Focus
⚔️ 39.3% · 🌾 60.7%
Knight ×13 · Monaspa ×10 · Archer ×9 · Scout Cavalry ×7 · Cavalry Archer ×5 · Scorpion ×3
Match map
Initial resources + every placement click. Lines = walls · curves = elevation contours. ◆ gold · ⬟ stone · ● berries · ✦ relic · ◌ wall gap
Your base· ✓ Closed at 15:05 · 40t walls · 1 gate(s)
Fs.Correia banhada a óleo's base· ✓ Closed at 23:38 · 95t walls · 2 gate(s)
Smoothed initial terrain · ◌ = detected wall gap · hover for details
Inputs per minute
— eduv - - Fs.Correia banhada a óleo
Build order — eduv
First 150 of 498 actions detected
| 0:01 | Queue | Villager (Male) |
| 0:02 | Queue | Villager (Male) |
| 0:02 | Build | House |
| 0:04 | Build | House |
| 0:20 | Queue | Villager (Male) |
| 0:20 | Queue | Villager (Male) |
| 0:20 | Queue | Villager (Male) |
| 1:36 | Queue | Villager (Male) |
| 1:36 | Queue | Villager (Male) |
| 2:01 | Queue | Villager (Male) |
| 2:01 | Queue | Villager (Male) |
| 2:03 | Build | Lumber Camp |
| 2:15 | Queue | Villager (Male) |
| 2:15 | Queue | Villager (Male) |
| 2:44 | Queue | Villager (Male) |
| 2:45 | Queue | Villager (Male) |
| 3:14 | Queue | Villager (Male) |
| 3:14 | Queue | Villager (Male) |
| 3:41 | Queue | Villager (Male) |
| 3:41 | Queue | Villager (Male) |
| 3:54 | Build | House |
| 3:56 | Build | House |
| 4:11 | Queue | Villager (Male) |
| 4:12 | Queue | Villager (Male) |
| 4:19 | Queue | Villager (Male) |
| 4:19 | Queue | Villager (Male) |
| 4:50 | Queue | Villager (Male) |
| 4:50 | Queue | Villager (Male) |
| 5:29 | Queue | Villager (Male) |
| 5:29 | Queue | Villager (Male) |
| 5:29 | Queue | Villager (Male) |
| 6:02 | Build | Mill |
| 6:03 | Queue | Villager (Male) |
| 6:03 | Queue | Villager (Male) |
| 6:30 | Queue | Villager (Male) |
| 6:30 | Queue | Villager (Male) |
| 6:30 | Queue | Villager (Male) |
| 6:30 | Queue | Villager (Male) |
| 6:40 | Queue | Villager (Male) |
| 6:40 | Queue | Villager (Male) |
| 7:16 | Build | Palisade Wall |
| 7:37 | Build | Palisade Wall |
| 7:53 | Build | Palisade Wall |
| 7:56 | Research | Feudal Age |
| 8:04 | Build | Palisade Wall |
| 8:06 | Build | Palisade Wall |
| 8:49 | Build | Mill |
| 9:06 | Build | House |
| 9:26 | Queue | Villager (Male) |
| 10:06 | Age | Feudal Age |
| 10:11 | Build | Market |
| 10:12 | Build | Blacksmith |
| 10:14 | Build | Palisade Wall |
| 10:20 | Research | Double-Bit Axe |
| 10:20 | Research | Double-Bit Axe |
| 10:25 | Queue | Villager (Male) |
| 10:51 | Queue | Villager (Male) |
| 11:09 | Build | Palisade Gate |
| 11:11 | Build | Palisade Wall |
| 11:13 | Build | Palisade Wall |
| 11:15 | Build | Palisade Wall |
| 11:17 | Build | Palisade Wall |
| 11:35 | Queue | Villager (Male) |
| 11:56 | Queue | Villager (Male) |
| 12:05 | Build | Mining Camp |
| 12:15 | Queue | Villager (Male) |
| 12:20 | Research | Castle Age |
| 12:20 | Research | Castle Age |
| 13:02 | Build | House |
| 13:03 | Build | House |
| 13:09 | Build | Farm |
| 13:10 | Build | Farm |
| 13:14 | Research | Horse Collar |
| 13:14 | Research | Horse Collar |
| 13:18 | Build | Farm |
| 13:30 | Build | Farm |
| 13:37 | Queue | Villager (Male) |
| 13:54 | Queue | Villager (Male) |
| 14:49 | Build | Mill |
| 14:58 | Build | Palisade Wall |
| 15:05 | Age | Castle Age |
| 15:06 | Queue | Villager (Male) |
| 15:14 | Build | Town Center |
| 15:23 | Build | Town Center |
| 15:25 | Research | Bow Saw |
| 16:00 | Research | Heavy Plow |
| 16:19 | Queue | Villager (Male) |
| 16:19 | Queue | Villager (Male) |
| 16:19 | Queue | Villager (Male) |
| 16:20 | Queue | Villager (Male) |
| 16:27 | Queue | Villager (Male) |
| 16:33 | Queue | Villager (Male) |
| 16:34 | Queue | Villager (Male) |
| 16:47 | Queue | Villager (Male) |
| 16:47 | Queue | Villager (Male) |
| 16:51 | Build | Farm |
| 16:54 | Build | Farm |
| 16:57 | Build | Farm |
| 16:58 | Queue | Villager (Male) |
| 16:58 | Queue | Villager (Male) |
| 16:59 | Queue | Villager (Male) |
| 17:08 | Build | Farm |
| 17:10 | Research | Loom |
| 17:13 | Build | Farm |
| 17:15 | Queue | Villager (Male) |
| 17:15 | Queue | Villager (Male) |
| 17:15 | Queue | Villager (Male) |
| 17:29 | Build | Lumber Camp |
| 17:34 | Queue | Villager (Male) |
| 17:34 | Queue | Villager (Male) |
| 17:34 | Queue | Villager (Male) |
| 17:38 | Queue | Villager (Male) |
| 17:39 | Queue | Villager (Male) |
| 17:43 | Build | Farm |
| 17:55 | Build | Farm |
| 17:58 | Queue | Villager (Male) |
| 17:58 | Queue | Villager (Male) |
| 18:04 | Queue | Villager (Male) |
| 18:07 | Build | House |
| 18:14 | Queue | Villager (Male) |
| 18:14 | Queue | Villager (Male) |
| 18:15 | Queue | Villager (Male) |
| 18:18 | Build | Farm |
| 18:21 | Build | Farm |
| 18:25 | Queue | Villager (Male) |
| 18:26 | Queue | Villager (Male) |
| 18:27 | Queue | Villager (Male) |
| 18:27 | Queue | Villager (Male) |
| 18:33 | Queue | Villager (Male) |
| 18:34 | Queue | Villager (Male) |
| 18:34 | Queue | Villager (Male) |
| 18:38 | Build | Farm |
| 18:40 | Build | Farm |
| 18:51 | Queue | Villager (Male) |
| 18:51 | Queue | Villager (Male) |
| 19:00 | Queue | Villager (Male) |
| 19:00 | Queue | Villager (Male) |
| 19:09 | Build | Farm |
| 19:10 | Build | Farm |
| 19:11 | Build | Farm |
| 19:12 | Build | Farm |
| 19:22 | Build | Farm |
| 19:25 | Queue | Villager (Male) |
| 19:25 | Queue | Villager (Male) |
| 19:25 | Queue | Villager (Male) |
| 19:26 | Queue | Villager (Male) |
| 19:33 | Queue | Villager (Male) |
| 19:33 | Queue | Villager (Male) |
| 19:49 | Build | Barracks |
| 19:53 | Queue | Villager (Male) |
Build order — Fs.Correia banhada a óleo
First 150 of 277 actions detected
| 0:02 | Queue | Villager (Male) |
| 0:02 | Queue | Villager (Male) |
| 0:02 | Queue | Villager (Male) |
| 0:02 | Queue | Villager (Male) |
| 0:03 | Build | House |
| 0:05 | Build | House |
| 1:30 | Queue | Villager (Male) |
| 2:05 | Queue | Villager (Male) |
| 2:19 | Queue | Villager (Male) |
| 2:35 | Queue | Villager (Male) |
| 3:11 | Queue | Villager (Male) |
| 3:11 | Queue | Villager (Male) |
| 3:23 | Build | House |
| 3:28 | Build | House |
| 3:29 | Build | House |
| 3:40 | Queue | Villager (Male) |
| 3:41 | Queue | Villager (Male) |
| 4:10 | Queue | Villager (Male) |
| 4:10 | Queue | Villager (Male) |
| 4:15 | Build | Mill |
| 5:14 | Queue | Villager (Male) |
| 5:14 | Queue | Villager (Male) |
| 5:25 | Build | Mill |
| 5:56 | Queue | Villager (Male) |
| 5:58 | Research | Loom |
| 7:05 | Research | Feudal Age |
| 7:33 | Build | Barracks |
| 7:34 | Build | House |
| 8:03 | Queue | Villager (Male) |
| 8:03 | Queue | Villager (Male) |
| 8:13 | Build | Palisade Gate |
| 8:15 | Build | Palisade Wall |
| 8:31 | Build | Palisade Wall |
| 8:31 | Build | Palisade Wall |
| 8:48 | Queue | Villager (Male) |
| 8:49 | Queue | Villager (Male) |
| 9:12 | Queue | Villager (Male) |
| 9:12 | Queue | Villager (Male) |
| 9:15 | Age | Feudal Age |
| 9:16 | Build | Stable |
| 9:25 | Build | House |
| 9:27 | Build | Palisade Wall |
| 9:27 | Build | Palisade Wall |
| 9:28 | Build | Palisade Wall |
| 9:28 | Build | Palisade Wall |
| 9:29 | Build | Palisade Wall |
| 9:29 | Build | Palisade Wall |
| 9:30 | Build | Palisade Wall |
| 9:31 | Build | Palisade Wall |
| 9:33 | Queue | Villager (Male) |
| 9:38 | Queue | Villager (Male) |
| 9:47 | Research | Double-Bit Axe |
| 9:54 | Queue | Villager (Male) |
| 10:04 | Queue | Scout Cavalry |
| 10:10 | Build | Farm |
| 10:23 | Research | Horse Collar |
| 10:25 | Build | Farm |
| 10:51 | Build | Farm |
| 11:01 | Build | Mule Cart |
| 11:21 | Queue | Villager (Male) |
| 11:33 | Build | Watch Tower |
| 11:34 | Build | Palisade Wall |
| 11:34 | Build | Palisade Wall |
| 11:35 | Build | Palisade Wall |
| 11:35 | Build | Palisade Wall |
| 11:36 | Build | Palisade Wall |
| 11:40 | Queue | Villager (Male) |
| 11:41 | Queue | Villager (Male) |
| 11:50 | Build | Farm |
| 11:51 | Build | Farm |
| 11:56 | Build | House |
| 12:00 | Build | Palisade Wall |
| 12:00 | Build | Palisade Wall |
| 12:04 | Queue | Villager (Male) |
| 12:36 | Queue | Villager (Male) |
| 12:38 | Build | Farm |
| 12:44 | Build | Watch Tower |
| 12:46 | Build | Stone Wall |
| 12:46 | Build | Stone Wall |
| 12:47 | Build | Stone Wall |
| 12:47 | Build | Stone Wall |
| 12:48 | Queue | Villager (Male) |
| 13:06 | Queue | Villager (Male) |
| 13:08 | Queue | Villager (Male) |
| 13:16 | Build | Farm |
| 13:21 | Build | House |
| 13:22 | Build | House |
| 13:24 | Build | Palisade Wall |
| 13:26 | Build | Palisade Wall |
| 13:30 | Queue | Villager (Male) |
| 13:40 | Queue | Villager (Male) |
| 13:47 | Build | Palisade Wall |
| 13:48 | Build | Palisade Wall |
| 14:03 | Queue | Villager (Male) |
| 14:08 | Build | Mule Cart |
| 14:12 | Build | House |
| 14:23 | Build | Watch Tower |
| 14:24 | Build | Stone Wall |
| 14:25 | Build | Stone Wall |
| 14:25 | Build | Stone Wall |
| 14:34 | Queue | Villager (Male) |
| 14:37 | Queue | Villager (Male) |
| 14:40 | Build | House |
| 14:47 | Queue | Villager (Male) |
| 15:03 | Build | Farm |
| 15:25 | Queue | Villager (Male) |
| 15:50 | Build | Watch Tower |
| 15:51 | Build | Palisade Wall |
| 15:52 | Build | Palisade Wall |
| 15:53 | Build | Palisade Wall |
| 15:54 | Queue | Villager (Male) |
| 15:54 | Queue | Villager (Male) |
| 15:55 | Queue | Villager (Male) |
| 15:59 | Build | Outpost |
| 16:04 | Queue | Scout Cavalry |
| 16:11 | Build | Farm |
| 16:21 | Build | Farm |
| 16:24 | Build | Farm |
| 16:25 | Queue | Villager (Male) |
| 16:34 | Build | House |
| 16:37 | Build | Palisade Wall |
| 16:52 | Build | Farm |
| 17:26 | Queue | Villager (Male) |
| 17:31 | Build | Palisade Wall |
| 17:33 | Build | Palisade Wall |
| 17:34 | Build | Palisade Wall |
| 17:35 | Build | Palisade Wall |
| 17:35 | Build | Palisade Wall |
| 17:36 | Build | Palisade Wall |
| 17:37 | Build | Palisade Wall |
| 17:38 | Build | Palisade Wall |
| 17:39 | Build | Palisade Wall |
| 17:40 | Build | Palisade Wall |
| 17:48 | Queue | Villager (Male) |
| 17:50 | Build | Farm |
| 17:52 | Build | Farm |
| 17:54 | Build | Farm |
| 17:55 | Queue | Villager (Male) |
| 17:55 | Queue | Villager (Male) |
| 18:27 | Queue | Scout Cavalry |
| 18:51 | Build | Watch Tower |
| 18:53 | Build | Stone Wall |
| 19:06 | Build | Palisade Gate |
| 19:20 | Build | Palisade Wall |
| 19:22 | Queue | Villager (Male) |
| 19:24 | Build | Farm |
| 19:33 | Queue | Scout Cavalry |
| 19:46 | Queue | Villager (Male) |
| 19:51 | Build | Market |
| 19:57 | Queue | Villager (Male) |
Match timeline
| 7:16 | eduv · wall_segment Palisade Wall x10 |
| 7:33 | Fs.Correia banhada a óleo · first_building Barracks |
| 7:37 | eduv · wall_segment Palisade Wall x5 |
| 7:53 | eduv · wall_segment Palisade Wall x9 |
| 8:04 | eduv · wall_segment Palisade Wall x1 |
| 8:06 | eduv · wall_segment Palisade Wall x1 |
| 8:15 | Fs.Correia banhada a óleo · wall_segment Palisade Wall x1 |
| 8:31 | Fs.Correia banhada a óleo · wall_segment Palisade Wall x1 |
| 8:31 | Fs.Correia banhada a óleo · wall_segment Palisade Wall x1 |
| 9:15 | Fs.Correia banhada a óleo · age_up feudal |
| 9:16 | Fs.Correia banhada a óleo · first_building Stable |
| 9:27 | Fs.Correia banhada a óleo · wall_segment Palisade Wall x1 |
| 9:27 | Fs.Correia banhada a óleo · wall_segment Palisade Wall x1 |
| 9:28 | Fs.Correia banhada a óleo · wall_segment Palisade Wall x1 |
| 9:28 | Fs.Correia banhada a óleo · wall_segment Palisade Wall x1 |
| 9:29 | Fs.Correia banhada a óleo · wall_segment Palisade Wall x1 |
| 9:29 | Fs.Correia banhada a óleo · wall_segment Palisade Wall x1 |
| 9:30 | Fs.Correia banhada a óleo · wall_segment Palisade Wall x1 |
| 9:31 | Fs.Correia banhada a óleo · wall_segment Palisade Wall x1 |
| 10:06 | eduv · age_up feudal |
| 10:14 | eduv · wall_segment Palisade Wall x1 |
| 11:11 | eduv · wall_segment Palisade Wall x1 |
| 11:13 | eduv · wall_segment Palisade Wall x1 |
| 11:15 | eduv · wall_segment Palisade Wall x6 |
| 11:17 | eduv · wall_segment Palisade Wall x5 |
| 11:34 | Fs.Correia banhada a óleo · wall_segment Palisade Wall x1 |
| 11:34 | Fs.Correia banhada a óleo · wall_segment Palisade Wall x1 |
| 11:35 | Fs.Correia banhada a óleo · wall_segment Palisade Wall x1 |
| 11:35 | Fs.Correia banhada a óleo · wall_segment Palisade Wall x1 |
| 11:36 | Fs.Correia banhada a óleo · wall_segment Palisade Wall x1 |
| 12:00 | Fs.Correia banhada a óleo · wall_segment Palisade Wall x15 |
| 12:00 | Fs.Correia banhada a óleo · wall_segment Palisade Wall x1 |
| 12:14 | eduv · first_market_sell 100 wood |
| 12:46 | Fs.Correia banhada a óleo · wall_segment Stone Wall x1 |
| 12:46 | Fs.Correia banhada a óleo · wall_segment Stone Wall x1 |
| 12:47 | Fs.Correia banhada a óleo · wall_segment Stone Wall x1 |
| 12:47 | Fs.Correia banhada a óleo · wall_segment Stone Wall x1 |
| 13:24 | Fs.Correia banhada a óleo · wall_segment Palisade Wall x9 |
| 13:26 | Fs.Correia banhada a óleo · wall_segment Palisade Wall x9 |
| 13:47 | Fs.Correia banhada a óleo · wall_segment Palisade Wall x1 |
| 13:48 | Fs.Correia banhada a óleo · wall_segment Palisade Wall x1 |
| 14:24 | Fs.Correia banhada a óleo · wall_segment Stone Wall x1 |
| 14:25 | Fs.Correia banhada a óleo · wall_segment Stone Wall x1 |
| 14:25 | Fs.Correia banhada a óleo · wall_segment Stone Wall x1 |
| 14:58 | eduv · wall_segment Palisade Wall x1 |
| 15:05 | eduv · age_up castle |
| 15:51 | Fs.Correia banhada a óleo · wall_segment Palisade Wall x1 |
| 15:52 | Fs.Correia banhada a óleo · wall_segment Palisade Wall x1 |
| 15:53 | Fs.Correia banhada a óleo · wall_segment Palisade Wall x1 |
| 16:37 | Fs.Correia banhada a óleo · wall_segment Palisade Wall x10 |
| 17:31 | Fs.Correia banhada a óleo · wall_segment Palisade Wall x1 |
| 17:33 | Fs.Correia banhada a óleo · wall_segment Palisade Wall x4 |
| 17:34 | Fs.Correia banhada a óleo · wall_segment Palisade Wall x1 |
| 17:35 | Fs.Correia banhada a óleo · wall_segment Palisade Wall x4 |
| 17:35 | Fs.Correia banhada a óleo · wall_segment Palisade Wall x1 |
| 17:36 | Fs.Correia banhada a óleo · wall_segment Palisade Wall x1 |
| 17:37 | Fs.Correia banhada a óleo · wall_segment Palisade Wall x1 |
| 17:38 | Fs.Correia banhada a óleo · wall_segment Palisade Wall x1 |
| 17:39 | Fs.Correia banhada a óleo · wall_segment Palisade Wall x1 |
| 17:40 | Fs.Correia banhada a óleo · wall_segment Palisade Wall x1 |
| 18:14 | eduv · first_market_buy 100 food |
| 18:53 | Fs.Correia banhada a óleo · wall_segment Stone Wall x1 |
| 19:20 | Fs.Correia banhada a óleo · wall_segment Palisade Wall x1 |
| 19:49 | eduv · first_building Barracks |
| 20:26 | Fs.Correia banhada a óleo · wall_segment Palisade Wall x1 |
| 20:28 | Fs.Correia banhada a óleo · wall_segment Palisade Wall x1 |
| 20:28 | Fs.Correia banhada a óleo · wall_segment Palisade Wall x1 |
| 20:29 | Fs.Correia banhada a óleo · wall_segment Palisade Wall x1 |
| 20:35 | eduv · first_building Siege Workshop |
| 22:25 | Fs.Correia banhada a óleo · wall_segment Stone Wall x1 |
| 22:33 | Fs.Correia banhada a óleo · wall_segment Stone Wall x1 |
| 23:10 | Fs.Correia banhada a óleo · first_market_buy 100 food |
| 23:38 | Fs.Correia banhada a óleo · age_up castle |
| 23:42 | Fs.Correia banhada a óleo · first_building Siege Workshop |
| 24:27 | Fs.Correia banhada a óleo · first_building Archery Range |
| 27:58 | Fs.Correia banhada a óleo · wall_segment Palisade Wall x1 |
| 28:22 | Fs.Correia banhada a óleo · first_building Castle |
| 32:31 | Fs.Correia banhada a óleo · first_market_sell 100 stone |
| 35:39 | Fs.Correia banhada a óleo · resign |
[ AI ANALYSIS · 1 CREDIT ]
What really happened in this match?
Wolo.gg analyzes every decision: build order, eco, micro, common mistakes by bracket. Personalized analysis on WhatsApp or Discord in 30 seconds.
Civ guide
Dravidians
Perfil
Jugador #631884